Map: Fields of Death

Players

Slackjawe - Winner!

  • Race: Protoss Protoss
  • League: Gold
  • Spawn Location: 6:00

sausey - Winner!

  • Race: Protoss Protoss
  • League: Diamond
  • Spawn Location: 7:00

MattBarry

  • Race: Terran Terran
  • League: Gold
  • Spawn Location: 12:00

MattBarry

  • Race: Zerg Zerg
  • Spawn Location: 12:00

VOD

Have the link to the VOD?

Description

Time

  • Played on: Jan. 15, 2023, 8:37 p.m.
  • Length: 8:28
Show
View Real Time Build Order
Export as new Build Order

Slackjawe Protoss - Winner!

Build Orders:  

Get SALT Encoding   

  12  0:00  Probe  
  13  0:12  Probe  
  14  0:22  Pylon  
  14  0:27  Probe  
  15  0:40  Probe  
  16  0:44  Gateway  
  16  0:52  Probe  
  17  1:07  Probe  
  17  1:10  Assimilator  
  18  1:21  Probe (Chrono Boost)  
  19  1:31  Probe (Chrono Boost)  
  20  1:35  Cybernetics Core  
  20  1:36  Probe (Chrono Boost)  
  21  1:48  Nexus  
  21  1:56  Pylon  
  21  1:59  Assimilator  
  21  2:12  Warp Gate  
  21  2:13  Gateway  
  21  2:18  Probe (Chrono Boost)  
  23  2:30  Probe (Chrono Boost)  
  23  2:34  Pylon  
  23  2:35  Stalker, Probe (Chrono Boost)  
  26  2:48  Probe (Chrono Boost)  
  28  3:00  Stalker (Chrono Boost), Probe (Chrono Boost)  
  28  3:05  Probe (Chrono Boost)  
  31  3:19  Stalker (Chrono Boost)  
  31  3:24  Forge  
  31  3:33  Stalker (Chrono Boost)  
  30  3:39  Probe (Chrono Boost)  
  34  3:48  Stalker  
  34  3:49  Probe (Chrono Boost)  
  34  3:54  Probe x2 (Chrono Boost)  
  38  4:03  Protoss Ground Weapons Level 1  
  38  4:06  Probe  
  39  4:22  Stargate  
  39  4:28  Pylon  
  39  4:30  Stalker x2  
  43  4:34  Probe (Chrono Boost)  
  45  4:42  Probe (Chrono Boost)  
  45  4:44  Probe (Chrono Boost)  
  46  4:49  Probe x2 (Chrono Boost)  
  48  5:01  Probe  
  48  5:02  Assimilator  
  48  5:06  Protoss Air Weapons Level 1  
  53  5:07  Assimilator  
  53  5:09  Void Ray (Chrono Boost)  
  53  5:15  Probe (Chrono Boost)  
  54  5:24  Probe (Chrono Boost)  
  55  5:29  Probe (Chrono Boost)  
  56  5:41  Probe  
  57  5:44  Photon Cannon  
  57  5:47  Photon Cannon  
  57  5:52  Pylon  
  57  5:56  Probe (Chrono Boost)  
  62  6:06  Void Ray  
  62  6:09  Probe (Chrono Boost)  
  63  6:14  Protoss Shields Level 1  
  63  6:15  Twilight Council  
  63  6:19  Probe  
  63  6:25  Pylon  
  64  6:31  Probe  
  65  6:40  Photon Cannon  
  65  6:43  Photon Cannon, Probe  
  70  7:10  Void Ray (Chrono Boost)  
  70  7:17  Zealot  
  70  7:18  Zealot  
  74  7:52  Pylon  
  66  8:18  Gateway  
  66  8:20  Stalker x2  
  70  8:27  Pylon  
Show
View Real Time Build Order
Export as new Build Order

sausey Protoss - Winner!

Build Orders: 1 Gate Expand 

Get SALT Encoding   

  12  0:00  Probe  
  13  0:12  Probe  
  14  0:18  Pylon  
  14  0:24  Probe  
  15  0:36  Probe  
  15  0:39  Gateway  
  16  0:46  Assimilator  
  16  0:49  Probe  
  17  1:01  Probe  
  18  1:19  Probe  
  18  1:24  Nexus  
  19  1:31  Probe  
  20  1:39  Cybernetics Core  
  20  1:43  Probe  
  21  1:52  Assimilator  
  21  1:54  Pylon  
  21  1:55  Probe  
  22  2:07  Probe  
  23  2:13  Zealot  
  25  2:22  Gateway  
  25  2:23  Probe  
  25  2:26  Pylon  
  26  2:35  Stargate, Probe (Chrono Boost)  
  27  2:39  Probe (Chrono Boost)  
  28  2:47  Adept (Chrono Boost), Probe (Chrono Boost)  
  28  2:48  Probe (Chrono Boost)  
  32  2:52  Probe (Chrono Boost)  
  33  3:02  Probe (Chrono Boost)  
  33  3:04  Probe (Chrono Boost)  
  37  3:14  Probe (Chrono Boost)  
  37  3:15  Probe (Chrono Boost)  
  37  3:23  Probe  
  43  3:27  Probe (Chrono Boost)  
  43  3:30  Void Ray  
  43  3:32  Twilight Council  
  43  3:35  Probe (Chrono Boost)  
  45  3:42  Forge  
  45  3:44  Probe (Chrono Boost)  
  45  3:45  Probe (Chrono Boost)  
  46  3:50  Probe x2 (Chrono Boost)  
  46  3:53  Assimilator  
  48  3:57  Assimilator  
  48  3:59  Pylon  
  48  4:00  Charge (Chrono Boost), Warp Gate  
  48  4:05  Probe x2  
  50  4:15  Pylon  
  50  4:17  Zealot, Probe  
  50  4:18  Probe  
  50  4:19  Protoss Ground Weapons Level 1 (Chrono Boost)  
  50  4:20  Zealot  
  50  4:23  Pylon  
  56  4:33  Gateway  
  60  4:43  Void Ray  
  60  4:47  Stalker  
  60  4:48  Stalker  
  64  4:58  Gateway  
  64  5:00  Gateway  
  64  5:17  Stalker  
  64  5:18  Stalker  
  72  5:23  Zealot  
  72  5:26  Void Ray  
  74  5:30  Gateway  
  74  5:31  Probe  
  75  5:50  Pylon  
  75  6:01  Pylon  
  75  6:03  Stalker  
  81  6:12  Zealot x2  
  81  6:13  Void Ray (Chrono Boost)  
  85  6:20  Zealot x2, Pylon  
  85  6:22  Gateway  
  89  6:27  Zealot x2  
  93  6:37  Pylon  
  93  6:38  Pylon  
  93  6:40  Stalker x2  
  93  6:41  Stalker x2  
  101  7:00  Stalker x2  
  105  7:04  Stalker  
  105  7:05  Stalker x3  
  113  7:19  Stalker  
  115  7:28  Pylon  
  115  7:29  Pylon  
  115  7:33  Pylon  
  115  7:38  Zealot  
  115  7:46  Zealot x5  
  115  7:49  Void Ray (Chrono Boost)  
  117  7:59  Zealot  
  115  8:08  Zealot x3  
  115  8:09  Zealot x2  
  121  8:23  Zealot  
Show
View Real Time Build Order
Export as new Build Order

MattBarry Terran 

Build Orders: Gas First Reaper Expand, Mech 

Get SALT Encoding   

  12  0:02  SCV  
  13  0:15  SCV  
  14  0:24  Supply Depot  
  14  0:27  SCV  
  15  0:30  Refinery  
  15  0:45  SCV  
  15  0:46  Barracks  
  16  0:57  SCV  
  17  1:10  SCV  
  18  1:22  SCV  
  19  1:33  Reaper  
  19  1:34  Orbital Command  
  20  1:48  Command Center  
  20  1:59  SCV  
  21  2:03  Supply Depot  
  21  2:08  Factory  
  21  2:10  Barracks Reactor  
  21  2:15  SCV  
  22  2:29  SCV  
  23  2:34  Refinery  
  23  2:41  SCV  
  24  2:50  Supply Depot  
  24  2:57  Barracks Tech Lab  
  24  3:08  SCV  
  25  3:29  SCV  
  26  3:34  Marine  
  26  3:36  Orbital Command, Factory  
  27  3:43  SCV  
  27  3:46  Hellion  
  27  3:47  Hellion  
  32  3:51  Supply Depot  
  32  4:03  SCV x2  
  32  4:04  Starport  
  32  4:09  Hellion x2  
  38  4:15  SCV x2  
  38  4:16  Engineering Bay  
  40  4:20  Refinery  
  40  4:22  Supply Depot  
  40  4:27  SCV x2  
  42  4:31  Siege Tank  
  42  4:33  Hellion x2  
  49  4:39  SCV x2  
  49  4:42  Refinery  
  49  4:45  Armory  
  51  4:51  SCV x2  
  53  4:56  Hellion  
  53  4:57  Hellion  
  57  5:03  SCV x2  
  59  5:15  SCV x2  
  59  5:16  Cyclone  
  64  5:27  Missile Turret x2  
  64  5:28  Starport Reactor  
  64  5:32  Factory  
  64  5:39  Infernal Pre-Igniter  
  64  5:41  SCV x2  
  66  5:50  Supply Depot  
  66  5:51  Supply Depot  
  66  5:52  Supply Depot  
  66  5:53  SCV x2  
  66  5:56  Widow Mine  
  69  6:08  Viking x2, Cyclone  
  69  6:09  Widow Mine  
  78  6:12  SCV x2  
  78  6:16  Factory Tech Lab  
  80  6:22  Widow Mine  
  80  6:24  SCV x2  
  84  6:28  Supply Depot  
  84  6:29  Supply Depot  
  84  6:34  Widow Mine  
  84  6:36  SCV x2  
  88  6:40  Cyclone  
  88  6:44  Viking  
  88  6:46  Viking  
  95  7:02  SCV x2  
  97  7:14  Viking  
  99  7:16  Viking  
  101  7:29  SCV x2  
  103  7:34  Command Center  
  103  7:41  SCV x2  
  102  7:44  Viking  
  102  7:46  Viking  
  85  7:53  Hellion x2  
Show
View Real Time Build Order
Export as new Build Order

MattBarry Zerg 

Build Orders: Hatch First 

Get SALT Encoding   

  12  0:00  Drone  
  13  0:12  Overlord  
  13  0:25  Drone  
  14  0:50  Hatchery, Drone  
  14  0:52  Drone  
  15  1:08  Spawning Pool  
  15  1:09  Drone  
  15  1:23  Drone x2  
  17  1:33  Extractor  
  17  1:37  Extractor  
  15  1:41  Drone  
  15  1:42  Drone  
  17  1:52  Overlord  
  17  1:57  Zergling x2, Queen  
  20  2:04  Queen  
  20  2:05  Drone  
  23  2:25  Drone x2  
  23  2:26  Drone x2  
  27  2:34  Drone  
  28  2:41  Roach Warren  
  27  2:49  Drone  
  27  2:50  Lair  
  28  2:58  Metabolic Boost  
  28  3:11  Drone x4  
  32  3:13  Zergling x2  
  32  3:14  Zergling x2  
  34  3:20  Evolution Chamber  
  34  3:23  Evolution Chamber  
  31  3:43  Drone x3, Overlord  
  31  3:44  Overlord  
  34  3:52  Hydralisk Den  
  33  3:57  Zerg Missile Weapons Level 1  
  33  4:05  Zerg Melee Weapons Level 1  
  33  4:26  Drone x4  
  37  4:32  Zergling x4  
  37  4:33  Zergling x4  
  37  4:36  Muscular Augments  
  41  4:39  Drone x2  
  43  4:55  Spore Crawler  
  43  4:56  Spore Crawler  
  43  4:59  Overseer  
  41  5:02  Hatchery  
  40  5:11  Drone x2  
  40  5:14  Hydralisk x2  
  46  5:28  Drone  
  46  5:29  Drone x2, Overlord  
  49  5:36  Queen  
  51  5:48  Hatchery, Grooved Spines  
  50  5:57  Overlord x2  
  50  6:11  Drone x2  
  52  6:13  Overlord x3  
  52  6:27  Zerg Ground Armor Level 1  
  52  6:28  Drone  
  52  6:31  Spore Crawler  
  52  7:12  Queen  
  52  7:14  Drone  
  52  7:15  Drone x9  
  63  7:16  Drone x4  
  63  7:17  Drone  
  63  7:20  Hydralisk  
  63  7:21  Hydralisk x3  
  77  7:41  Hydralisk, Overlord  
  77  7:42  Hydralisk x4  
  74  8:06  Overlord x4  
Tags
 
Add a new tag
Caveats
  • Supply blocks, unpowered buildings, or Contaminate may cause inaccurate times.
  • Supply counts are checked every 10 seconds.